 Dungeon Crawl Stone Soup version 0.21-a0-142-gdd972a7 (webtiles) character file.

55 Musica the Caller (level 3, 0/19 HPs)
             Began as a Deep Elf Summoner on July 24, 2017.
             Slain by an orc wizard
             ... wielding a +0 dagger
              (4 damage)
             ... on level 3 of the Dungeon.
             The game lasted 00:05:47 (2032 turns).

Musica the Caller (Deep Elf Summoner)               Turns: 2032, Time: 00:05:47

Health: 0/19       AC:  2    Str:  5    XL:     3   Next: 67%
Magic:  8/10       EV: 13    Int: 20    God:
Gold:   110        SH:  0    Dex: 15    Spells: 3/9 levels left

rFire    . . .     SeeInvis .   B - +0 rapier
rCold    . . .     Gourm    .   (no shield)
rNeg     . . .     Faith    .   a - +0 robe
rPois    .         Spirit   .   (no helmet)
rElec    .         Reflect  .   (no cloak)
rCorr    .         Harm     .   (no gloves)
MR       .....                  (no boots)
Stlth    ++........             (no amulet)
HPRegen  0.06/turn              (no ring)
MPRegen  0.12/turn              (no ring)

@: no status effects
A: no striking features
a: no special abilities


You were on level 3 of the Dungeon.
You were not hungry.

You visited 1 branch of the dungeon, and saw 4 of its levels.

You collected 110 gold pieces.

Inventory:

Hand Weapons
 w - a +0 hunting sling
 B - a +0 rapier (weapon)
Missiles
 f - 52 arrows
 q - 35 bolts
Armour
 a - a +0 robe (worn)
Jewellery
 n - an uncursed amulet of harm {unknown}
Scrolls
 d - 2 scrolls of amnesia {unknown}
 e - 3 scrolls of remove curse {unknown}
 i - 2 scrolls of random uselessness {unknown}
 k - 2 scrolls of enchant weapon {unknown}
 o - a scroll of immolation {unknown}
 r - a scroll of magic mapping {unknown}
 s - a scroll of fog {unknown}
 t - a scroll of blinking {unknown}
 y - a scroll of teleportation {unknown}
 A - a scroll of identify {unknown}
 C - a scroll of fear {unknown}
Potions
 j - a potion of flight {unknown}
 m - a potion of invisibility {unknown}
 u - a potion of might {unknown}
 v - a potion of experience {unknown}
 x - a potion of lignification {unknown}
 z - a potion of mutation {unknown}
 D - a potion of degeneration {unknown}
Books
 b - a book of Callings

   Spells                             Type                      Level
   a - Summon Small Mammal            Summoning                    1
   b - Call Imp                       Summoning                    2
   c - Call Canine Familiar           Summoning                    3
   d - Summon Guardian Golem          Hexes/Summoning              3
   e - Summon Lightning Spire         Summoning/Air                4
   f - Summon Ice Beast               Ice/Summoning                4
Comestibles
 c - 2 bread rations
 g - 3 chunks of flesh
 h - 7 fruits
 l - 2 meat rations
 p - 2 royal jellies


   Skills:
 + Level 2.7 Dodging
 - Level 2.4 Stealth
 + Level 3.7 Spellcasting
 + Level 5.5 Summonings


You had 3 spell levels left.
You knew the following spells:

 Your Spells              Type           Power        Failure   Level  Hunger
a - Summon Small Mammal   Summ           ####         1%          1    None
b - Call Imp              Summ           ####....     1%          2    ##.....
c - Call Canine Familiar  Summ           ####....     4%          3    ###....


Dungeon Overview and Level Annotations

Branches:
Dungeon (4/15)
 Temple: D:4-7

Altars:


Message History

The tomahawk barely misses your white imp.
The tomahawk hits your iron imp.
Your white imp hits the orc.
Your white imp freezes the orc.
The orc dies!
The orc hits your white imp but does no damage.
Your crimson imp blinks!
The orc hits your iron imp with a whip.
An orc comes into view.
The orc hits your iron imp with a whip.
The orc wizard hits your iron imp but does no damage.
Your iron imp hits the orc.
The orc barely misses your iron imp.
The orc wizard hits your iron imp but does no damage.
Your crimson imp disappears in a puff of smoke!
Your iron imp hits the orc.
The orc dies!
The orc wizard mumbles some strange words.
The orc wizard blinks!
The orc hits your iron imp but does no damage.
The orc wizard hits you with a dagger.
You die...

#### ...# ...# ...#
.#############
.............#
##.#########.##############
#.#5......[...§@o.>55o...##.
#..5.......##########oo.....
###........# # #.o.##.
#........##.. ....##w
#...........# ..[#.
####........#### ..<.. ##.
................ ..#$#$..
###........#### #.#.<.#
#....÷...# #.....#


You could see an orc wizard, 3 orcs, a friendly iron imp and a friendly white
imp.

Vanquished Creatures
  2 dart slugs
  4 goblins (D:1)
  A hobgoblin (D:1)
  A ball python (D:2)
  3 bats
  2 frilled lizards (D:3)
  5 kobolds
  3 rats
21 creatures vanquished.

Vanquished Creatures (collateral kills)
  2 adders (D:2)
  A dart slug (D:1)
  A leopard gecko (D:2)
  3 orcs (D:3)
  A ball python (D:3)
  3 bats
  A giant cockroach (D:1)
  4 goblins
  3 hobgoblins
  5 kobolds
  2 frilled lizards
  A rat (D:1)
27 creatures vanquished.

Grand Total: 48 creatures vanquished

Notes
Turn   | Place    | Note
-------+----------+-------------------------------------------
     0 | D:1      | Musica the Deep Elf Summoner began the quest for the Orb.
     0 | D:1      | Reached XP level 1. HP: 10/10 MP: 6/6
   309 | D:1      | Reached XP level 2. HP: 15/15 MP: 4/8
   313 | D:1      | Learned a level 2 spell: Call Imp
   564 | D:1      | Reached skill level 5 in Summonings
  1169 | D:2      | Reached XP level 3. HP: 19/19 MP: 9/9
  1174 | D:2      | Learned a level 3 spell: Call Canine Familiar
  2032 | D:3      | Slain by an orc wizard

Vault maps used:
D:1:      zelgadis_glass_arrival_small, st_stairs_7, minmay_misc_feat_tiny
D:3:      lemuel_crystal_altar
D:4:      serial_shops, shop, vehumet_altar_wand_db

Skill      XL: |  1  2 |
---------------+-------+-----
Summonings     | 5 |  5.5
Dodging        | |  2.7
Stealth        | |  2.4
Spellcasting   | |  3.7

Action                   || total
-------------------------++-------
Melee: Dagger            ||    86
       Rapier            ||     7
 Cast: Summon Small Mamm ||    12
       Call Imp          ||    11
       Call Canine Famil ||     4
 Stab: Sleeping          ||     5
  Eat: Chunk             ||     4
Armor: Robe              ||    28
Dodge: Dodged            ||    94
